 Dungeon Crawl Stone Soup version 0.24-a0-459-g225fefd530 (webtiles) character file.

Game seed: 4221928656157895874

9211 Azzok the Cleaver (level 11, -1/94 HPs)
             Began as a Deep Dwarf Fighter on June 29, 2019.
             Was an Elder of Makhleb.
             Slain by a wight
             ... wielding a cursed +3 scimitar of freezing
              (4 damage)
             ... on level 10 of the Dungeon.
             The game lasted 00:19:44 (8754 turns).

Azzok the Cleaver (Deep Dwarf Fighter)              Turns: 8754, Time: 00:19:44

Health: -1/94      AC: 16    Str: 22    XL:     11   Next: 20%
Magic:  17/17      EV:  2    Int: 10    God:    Makhleb [****..]
Gold:   472        SH:  0    Dex: -7 (12) Spells: 10/10 levels left

rFire    . . .     SeeInvis .   x - +2 broad axe (venom)
rCold    . . .     Gourm    .   c - +0 shield
rNeg     . . .     Faith    .   t - +0 plate armour
rPois    .         Spirit   .   m - +1 hat
rElec    .         Reflect  .   (no cloak)
rCorr    .         Harm     .   g - +0 pair of gloves
MR       +....                  (no boots)
Stlth    ..........             (no amulet)
HPRegen  0.00/turn              M - +4 ring of protection
MPRegen  0.15/turn              e - +1 ring of slaying

@: non-regenerating, slowed, lost dexterity, extremely drained, very slow
A: damage resistance, heal wounds, sense surroundings 2, no regeneration
a: Heal Wounds, Minor Destruction, Lesser Servant of Makhleb, Major Destruction,
Renounce Religion


You were on level 10 of the Dungeon.
You worshipped Makhleb.
Makhleb was greatly pleased with you.
You were not hungry.

You visited 2 branches of the dungeon, and saw 11 of its levels.
You also visited: Sewer and Ossuary.

You collected 638 gold pieces.
You spent 166 gold pieces at shops.

Inventory:

Hand Weapons
 x - a +2 broad axe of venom (weapon)
Missiles
 v - 2 throwing nets (quivered)
Armour
 c - a +0 shield (worn)
 g - a +0 pair of gloves (worn)
 m - a +1 hat (worn)
 t - a +0 plate armour (worn)
Jewellery
 a - a +3 ring of strength
 d - an uncursed ring of ice
 e - a +1 ring of slaying (right hand)
 y - an uncursed ring of see invisible
 M - a +4 ring of protection (left hand)
Wands
 b - a wand of digging (5)
 q - a wand of flame (45)
 J - a wand of iceblast (10)
Scrolls
 j - 9 scrolls of remove curse
 l - 2 scrolls of amnesia {unknown}
 n - 7 scrolls of teleportation {unknown}
 o - 6 scrolls of magic mapping
 p - 3 scrolls of immolation
 r - 4 scrolls of fear {unknown}
 u - 3 scrolls of fog {unknown}
 z - 3 scrolls of noise {unknown}
 E - a scroll of identify
 H - 3 scrolls of brand weapon {unknown}
 K - 2 scrolls of enchant weapon
Potions
 h - 2 potions of ambrosia
 i - a potion of agility
 k - 6 potions of lignification
 s - 3 potions of curing
 w - 2 potions of resistance
 A - 2 potions of might
 B - a potion of magic {unknown}
 C - a potion of flight
 D - 5 potions of haste
 F - a potion of berserk rage
Comestibles
 f - 14 rations


   Skills:
 - Level 5.0(0.0) Fighting
 * Level 13.4(0.0) Axes
 + Level 10.3(0.0) Armour
 - Level 4.0(0.0) Shields
 + Level 8.5(0.0) Evocations


You had 10 spell levels left.
You didn't know any spells.
Your spell library contained the following spells:

 Spells                   Type           Power        Failure   Level  Hunger
 Confusing Touch          Hex            #.....       100%        1    ##.....
 Corona                   Hex            #......      100%        1    ##.....
 Flame Tongue             Conj/Fire      #....        100%        1    ##.....
 Corpse Rot               Necr           N/A          100%        2    ###....
 Ensorcelled Hibernation  Hex/Ice        #.....       100%        2    ###....
 Throw Flame              Conj/Fire      #.....       100%        2    ###....
 Confuse                  Hex            #.......     100%        3    ####...
 Conjure Flame            Conj/Fire      #.......     100%        3    ####...
 Dazzling Spray           Conj/Hex       #.....       100%        3    ####...
 Gell's Gravitas          Tloc           #.........   100%        3    ####...
 Inner Flame              Hex/Fire       #.......     100%        3    ####...
 Stone Arrow              Conj/Erth      #.....       100%        3    ####...
 Tukima's Dance           Hex            #.......     100%        3    ####...
 Leda's Liquefaction      Hex/Erth       #.........   100%        4    #####..
 Petrify                  Tmut/Erth      #.......     100%        4    #####..
 Sticky Flame             Conj/Fire      #.......     100%        4    #####..
 Fireball                 Conj/Fire      #.........   100%        5    ######.
 Metabolic Englaciation   Hex/Ice        #.........   100%        5    ######.
 Summon Forest            Summ/Tloc      #.........   100%        5    ######.
 Yara's Violent Unravell  Hex/Tmut       #.........   100%        5    ######.
 Hydra Form               Tmut           #.........   100%        6    #######
 Summon Hydra             Summ           #.........   100%        7    #######


Dungeon Overview and Level Annotations

Branches:
Dungeon (10/15)            Temple (1/1) D:4             Orc (0/2) D:9
   Lair: D:8-11

Altars:
Cheibriados
Dithmenos
Elyvilon
Gozag
Hepliaklqana
Kikubaaqudgha
Makhleb
Nemelex Xobeh
Okawaru
Qazlal
Ru
Sif Muna
Trog
Uskayaw
Vehumet
Wu Jian
Yredelemnul
Zin
The Shining One

Shops:
D:4 *   D:5 }   D:9 *

Annotations:
D:7 2 transporters, mhoghedin's ghost, novice OpAs
D:9 exclusion: obsidian statue


Innate Abilities, Weirdness & Mutations

You are resistant to damage.
You can heal yourself by infusing magical energy.
You passively map the area around you.
You do not regenerate.


Message History

The wight is almost destroyed.
The wight hits you with a cursed +3 scimitar of freezing!
* * * LOW HITPOINT WARNING * * *
You feel drained.
* * * LOW HITPOINT WARNING * * *
The wight freezes you.
* * * LOW HITPOINT WARNING * * *
The wight hits you but does no damage.
Your plate armour prevents you from hitting the wight.
The wight is severely damaged.
The wight hits you but does no damage. x3
Your plate armour prevents you from hitting the wight.
The wight is severely damaged.
The wight hits you with a cursed +3 scimitar of freezing.
* * * LOW HITPOINT WARNING * * *
The wight freezes you. The wight hits you but does no damage.
Your plate armour prevents you from hitting the wight.
The wight is severely damaged.
The wight hits you with a cursed +3 scimitar of freezing.
You die...

▒ ▒▒·····▒▒
▒····▒ ▒·▒
▒▒··(▒▒ ▒·▒▒·▒
▒·▒ ▒▒╬▒ ▒·▒▒·▒
▒(▒ ░
▒▒▒▒·▒▒·▒▒▒·▒
◦◦············▒
░ ◦ ░
▒▒▒▒·▒▒·▒▒▒▒▒ ░
◦ ▒·▒▒·▒
···▒▒▒▒▒▒·▒▒·▒
·····zz@·····▒
◦ ◦ ░░
··▒▒▒▒▒▒▒·▒▒▒▒
◦ ◦········▒ ░
▒▒▒▒▒▒▒▒▒


You could see 2 wights.

Vanquished Creatures
  Gastronok (D:8)
  Sonja (D:10)
  Prince Ribbit (D:7)
  A hornet (D:9)
  4 hippogriffs
  A vampire (D:10)
  A wraith (Ossuary)
  A wyvern (D:8)
  9 yaks
  Menkaure (D:6)
  A water moccasin (D:6)
  4 sky beasts
  2 orc warriors
  An ice beast (D:7)
  A black bear (D:7)
  4 necrophages
  The ghost of Voker57 the Skirmisher, an amateur DsMo (D:3)
  2 ogres
  2 centaurs
  3 big kobolds
  A wyvern skeleton (D:8)
  7 scorpions
  9 killer bees
  A wight (D:10)
  A howler monkey (D:6)
  2 crimson imps
  5 hounds
  A centaur skeleton (D:6)
  A human zombie (Ossuary)
  A jelly (D:10)
  2 quasits
  9 orc wizards
  A bullfrog skeleton (D:9)
  4 iguanas
  8 worker ants
  3 mummies (Ossuary)
  3 hound skeletons
  A worker ant zombie (D:6)
  14 adders
  5 gnolls
  A shadow imp (D:5)
  An adder zombie (D:5)
  2 adder skeletons (D:4)
  4 dart slugs
  3 leopard geckos
  23 orcs
  2 giant cockroaches
  9 goblins
  7 hobgoblins
  7 jackals (Sewer)
  5 quokkas
  5 ball pythons
  9 bats
  9 frilled lizards
  3 goblin zombies (Ossuary)
  4 hobgoblin zombies (Ossuary)
  A jackal skeleton (D:8)
  32 kobolds
  4 kobold zombies (Ossuary)
  A quokka zombie (D:7)
  7 rats
  A spectral orc (D:3)
  5 plants (Sewer)
266 creatures vanquished.

Vanquished Creatures (others)
  4 plants (D:7)
4 creatures vanquished.

Grand Total: 270 creatures vanquished

Notes
Turn   | Place    | Note
-------+----------+-------------------------------------------
     0 | D:1      | Azzok the Deep Dwarf Fighter began the quest for the Orb.
     0 | D:1      | Reached XP level 1. HP: 20/20 MP: 1/1
   140 | D:1      | Reached XP level 2. HP: 24/27 MP: 2/2
   329 | D:1      | Reached skill level 3 in Axes
   329 | D:1      | Reached XP level 3. HP: 20/34 MP: 3/3
  1107 | D:2      | Found an opulent altar of Gozag.
  1569 | D:3      | Reached XP level 4. HP: 21/42 MP: 4/4
  1601 | D:3      | Noticed a big kobold
  1631 | D:3      | Killed a big kobold
  1631 | D:3      | Reached skill level 4 in Axes
  1631 | D:3      | Reached XP level 5. HP: 20/49 MP: 5/5
  1763 | D:3      | Found a shadowy altar of Dithmenos.
  1907 | D:3      | Found a runed translucent door.
  1909 | D:3      | Noticed Voker57's ghost (amateur DsMo)
  1941 | D:3      | Killed Voker57's ghost
  2177 | D:3      | Reached XP level 6. HP: 29/57 MP: 6/6
  2256 | D:3      | Found a basalt altar of Yredelemnul.
  2415 | D:4      | Reached skill level 5 in Axes
  2426 | D:4      | Found an ornate altar of the Wu Jian Council.
  2448 | D:4      | Found a stormy altar of Qazlal.
  2449 | D:4      | Found an ancient bone altar of Kikubaaqudgha.
  2458 | D:4      | Found a snail-covered altar of Cheibriados.
  2466 | D:4      | Found Zoaqoh's Mayhem Merchandise.
  2480 | D:4      | Bought a +1 broad axe of venom for 153 gold pieces
  2668 | D:4      | Found a staircase to the Ecumenical Temple.
  2683 | Temple   | Entered the Ecumenical Temple
  2691 | Temple   | Became a worshipper of Makhleb the Destroyer
  2741 | D:4      | Reached skill level 5 in Armour
  2780 | D:4      | Found a sand-covered staircase.
  2801 | Ossuary  | Entered an ossuary
  2801 | Ossuary  | Noticed a wraith
  2801 | Ossuary  | Noticed a wraith
  2801 | Ossuary  | Noticed a wraith
  2847 | Ossuary  | Reached XP level 7. HP: 49/64 MP: 7/7
  2861 | Ossuary  | Reached skill level 6 in Axes
  2932 | Ossuary  | Noticed a wraith
  2954 | Ossuary  | Killed a wraith
  3207 | D:4      | Reached * piety under Makhleb
  3550 | D:5      | Entered Level 5 of the Dungeon
  3599 | D:5      | Found a hide-covered altar of Uskayaw.
  3604 | D:5      | Reached skill level 7 in Axes
  3753 | D:5      | Reached XP level 8. HP: 16/73 MP: 8/8
  3865 | D:5      | Found Coviet's Gadget Emporium.
  3874 | D:5      | Reached skill level 5 in Fighting
  3904 | D:5      | Reached skill level 8 in Axes
  4470 | D:6      | Found a glowing drain.
  4481 | Sewer    | Entered a sewer
  4697 | Sewer    | Reached ** piety under Makhleb
  5121 | D:6      | Noticed a hippogriff
  5129 | D:6      | Killed a hippogriff
  5176 | D:6      | Reached skill level 9 in Axes
  5253 | D:6      | Noticed Menkaure
  5260 | D:6      | Killed Menkaure
  5990 | D:7      | Gained mutation: You passively map the area around you.
                  | [Deep Dwarf growth]
  5990 | D:7      | Reached XP level 9. HP: 28/81 MP: 9/9
  6010 | D:7      | Reached skill level 1 in Evocations
  6084 | D:7      | Reached skill level 10 in Axes
  6131 | D:7      | Identified the +8 spear of Shrieking Terror {vamp, rF+ rC-
                  | MR+ Int+4 Stlth+}
  6131 | D:7      | Identified the +4 ring mail of the Hurricane {Dex+2}
  6194 | D:7      | Found a glowing silver altar of Zin.
  6198 | D:7      | Noticed Prince Ribbit
  6212 | D:7      | Killed Prince Ribbit
  6285 | D:7      | Found a transporter.
  6323 | D:7      | Found a transporter.
  6333 | D:7      | Noticed mhoghedin's ghost (novice OpAs)
  6333 | D:7      | Identified the ring of Jejutiaj {rPois MP+9 Dex+4}
  6623 | D:8      | Noticed Gastronok
  6645 | D:8      | Killed Gastronok
  6645 | D:8      | Reached skill level 11 in Axes
  6645 | D:8      | Reached XP level 10. HP: 43/88 MP: 12/14
  6650 | D:8      | Reached *** piety under Makhleb
  6765 | D:8      | Reached skill level 12 in Axes
  7281 | D:9      | Found Yjathrug's General Store.
  7307 | D:9      | Bought a scroll of random uselessness for 13 gold pieces
  7388 | D:9      | Found a staircase to the Orcish Mines.
  7514 | D:9      | Found an iron altar of Okawaru.
  7657 | D:9      | Reached **** piety under Makhleb
  7766 | D:9      | Noticed an obsidian statue
  7820 | D:10     | Entered Level 10 of the Dungeon
  7873 | D:10     | Reached skill level 13 in Axes
  7880 | D:10     | Reached skill level 10 in Armour
  8112 | D:10     | Reached XP level 11. HP: 91/92 MP: 16/16
  8353 | D:10     | Noticed Sonja
  8411 | D:10     | Killed Sonja
  8643 | D:10     | Lost dexterity.
  8753 | D:10     | HP: 3/94 [wight/cursed +3 scimitar of freezing (4)]
  8754 | D:10     | Slain by a wight

Levels and vault maps discovered:
D:1:      grunt_arrival_crossed_arrows, layout_loops_ring
D:2:      layout_loops_corners, grunt_gozag_breadcrumbs
D:3:      cheibrodos_thug_alley, layout_basic,
          yredelemnul_forgotten_temple_becter, lemuel_crystal_altar,
          gammafunk_ghost_grave
D:4:      layout_loops_ring, grunt_temple_overflow_open,
          minmay_temple_entry_statues_pillars, enter_ossuary_1, first_ration,
          minmay_shop_mayhem
D:5:      layout_basic, eat_drink_and_be_merry_uskayaw, serial_shops,
          shop_statue
D:6:      layout_basic, portal_sewer_entry_d, minivault_23, uniq_menkaure
D:7:      layout_basic, marbit_many_paths, gammafunk_ghost_gnarly_gnolls,
          uniq_prince_ribbit1
D:8:      layout_basic, minmay_bent, uniq_gastronok
D:9:      minmay_statue_hallways, layout_irregular_city,
          kennysheep_okawaru_gauntlet, serial_shops, shop, serial_column_ruins,
          column_ruins_circle_large, column_ruins_hut, column_ruins_open_tiny,
          column_ruins_grid_1, column_ruins_columns_straight,
          column_ruins_columns_corner, column_ruins_grid_1
D:10:     layout_loops_corners, uniq_sonja
Temple:   cyrus_circular_temple

Skill      XL: |  1  2  3  4  5  6  7  8  9 10 11 |
---------------+----------------------------------+-----
Fighting       | 3 4 5 |  5.0
Axes           | 3 4 5 7 9 11 13 | 13.4
Armour         | 4 5 6 7 9 10 | 10.3
Shields        | 4 |  4.0
Evocations     | 6 7 8 |  8.5

Action                   |  1- 3 |  4- 6 |  7- 9 | 10-12 || total
-------------------------+-------+-------+-------+-------++-------
Melee: War axe           |    15 |       |       |       ||    15
       Dagger            |   105 |   170 |       |       ||   275
       Broad axe         |       |    49 |   330 |   442 ||   821
 Abil: Heal Wounds       |       |       |     1 |     1 ||     2
Evoke: Wand              |       |       |       |     3 ||     3
  Use: Scroll            |     1 |     7 |     6 |     4 ||    18
       Potion            |       |     2 |     8 |     7 ||    17
  Eat: Chunk             |     2 |     4 |     7 |     7 ||    20
       Ration            |       |     1 |     1 |     1 ||     3
Armor: Scale mail        |    46 |    36 |       |       ||    82
       Plate armour      |       |    50 |   192 |   999 ||  1241
Dodge: Dodged            |    29 |    37 |    48 |   230 ||   344
Block: Shield            |    54 |    91 |   156 |   353 ||   654

Table legend:
 A = Non-vault XP
 B = Vault XP
 C = Vault XP percentage of total XP
 D = Non-vault monster count
 E = Vault monster count
 F = Vault count percentage of total count
                 A         B        C        D         E       F
            +---------+---------+-------+---------+---------+-------
      Total |    8030 |    5129 |  39.0 |     195 |      66 |  25.3
            +---------+---------+-------+---------+---------+-------
        D:1 |      50 |       0 |   0.0 |      20 |       0 |   0.0
        D:2 |      38 |       0 |   0.0 |      16 |       0 |   0.0
        D:3 |      74 |     228 |  75.5 |      21 |      13 |  38.2
        D:4 |     446 |       0 |   0.0 |      20 |       0 |   0.0
        D:5 |     646 |       0 |   0.0 |      13 |       0 |   0.0
        D:6 |     646 |     185 |  22.3 |      16 |       2 |  11.1
        D:7 |     776 |     284 |  26.8 |      15 |       2 |  11.8
        D:8 |    1014 |    3254 |  76.2 |      19 |       8 |  29.6
        D:9 |    2101 |       4 |   0.2 |      23 |       2 |   8.0
       D:10 |    2239 |     807 |  26.5 |      32 |       1 |   3.0
      Sewer |       0 |      44 | 100.0 |       0 |      22 | 100.0
    Ossuary |       0 |     323 | 100.0 |       0 |      16 | 100.0
            +---------+---------+-------+---------+---------+-------
